 Dungeon Crawl Stone Soup version 0.23.2-1-ga50397a (webtiles) character file.

Game seed: 18208482740769228598

2093 Madoushi the Cleaver (level 9, -1/80 HPs)
             Began as a Minotaur Berserker on Apr 18, 2019.
             Was a Priest of Trog.
             Slain by a manticore (10 damage)
             ... on level 6 of the Dungeon.
             The game lasted 00:16:57 (5974 turns).

Madoushi the Cleaver (Minotaur Berserker)           Turns: 5974, Time: 00:16:58

Health: -1/80      AC:  8    Str: 24    XL:     9   Next: 7%
Magic:  8/8        EV: 14    Int:  4    God:    Trog [***...]
Gold:   366        SH:  0    Dex: 11    Spells: 8/8 levels left

rFire    . . .     SeeInvis .   a - +0 hand axe
rCold    + . .     Gourm    .   (no shield)
rNeg     . . .     Faith    .   E - +3 leather armour "Gueviama" {rC+}
rPois    .         Spirit   .   (helmet restricted)
rElec    .         Reflect  .   o - +0 cloak
rCorr    .         Harm     .   (no gloves)
MR       .....                  (no boots)
Stlth    +.........             (no amulet)
HPRegen  0.23/turn              d - +3 ring of slaying
MPRegen  0.11/turn              (no ring)

@: very slow
A: retaliatory headbutt, horns 2
a: Berserk, Trog's Hand, Renounce Religion


You were on level 6 of the Dungeon.
You worshipped Trog.
Trog was most pleased with you.
You were not hungry.

You visited 1 branch of the dungeon, and saw 6 of its levels.

You collected 366 gold pieces.

Inventory:

Hand Weapons
 a - a +0 hand axe (weapon)
Armour
 b - a +0 animal skin
 e - a +0 ring mail
 o - a +0 cloak (worn)
 E - the +3 leather armour "Gueviama" (worn) {rC+}
   (You found it on level 6 of the Dungeon)

   It protects you from cold.
Jewellery
 d - a +3 ring of slaying (left hand)
 v - an uncursed ring of magical power
Wands
 n - a wand of random effects (22)
 w - a wand of polymorph (7)
 x - a wand of flame (15)
 D - a wand of acid (3)
 I - a wand of paralysis (15)
Scrolls
 j - 6 scrolls of amnesia
 k - 3 scrolls of teleportation
 m - 2 scrolls of fog {unknown}
 p - 3 scrolls of remove curse
 q - 3 scrolls of blinking
 r - a scroll of fear {unknown}
 s - 3 scrolls of immolation
 u - a scroll of enchant armour {unknown}
 y - a scroll of noise {unknown}
 C - a scroll of enchant weapon {unknown}
 H - a scroll of identify
Potions
 f - a potion of flight {unknown}
 g - 5 potions of curing
 h - 3 potions of might
 i - 3 potions of brilliance
 l - 3 potions of degeneration
 t - a potion of heal wounds {unknown}
 z - a potion of mutation {unknown}
 A - a potion of cancellation {unknown}
 B - 2 potions of haste {unknown}
 F - 2 potions of magic {unknown}
 G - a potion of lignification {unknown}
Comestibles
 c - 4 rations


   Skills:
 + Level 7.7 Fighting
 * Level 9.7 Axes
 + Level 6.6 Armour
 + Level 6.1 Dodging


You had 8 spell levels left.
You didn't know any spells.
Your spell library was empty.

Dungeon Overview and Level Annotations

Branches:
Dungeon (6/15)             Temple (0/1) D:6

Altars:
Dithmenos
Gozag
Hepliaklqana
Kikubaaqudgha
Ru
Xom
Yredelemnul
The Shining One


Innate Abilities, Weirdness & Mutations

You reflexively headbutt those who attack you in melee.
You have a pair of horns on your head.


Message History

The manticore bites you!!
* * * LOW HITPOINT WARNING * * *
The manticore misses you. The manticore closely misses you.
Evoke which item? (* to show all) (? for menu, Esc to quit)
Aiming: Corrosive Bolt
Press: ? - help, Shift-Dir - straight line, f/p - manticore
Aim: a manticore (heavily wounded)
The bolt of acid hits the manticore!
The manticore is splashed with acid.
The acid corrodes the manticore!
The manticore is severely wounded.
The manticore bites you.
* * * LOW HITPOINT WARNING * * *
The manticore barely misses you. x2
Evoke which item? (* to show all) (? for menu, Esc to quit)
Aiming: Paralyse
Press: ? - help, Shift-Dir - straight line, f/p - manticore
Aim: a manticore (severely wounded, covered in acid, chance to defeat MR: 28%)
The manticore easily resists.
The manticore misses you. The manticore claws you!
You die...

#..# #.#.#..............# #
#######.## #.#.##########...#.#
# #........###.#.# #..(#.###
#.##.#.#.....#.# #........
.........#####.# #.#.#.###
###.####.....#.# #######...#.#
#.....##)......####..≈≈≈###.#.#
.......#....#####≈..####.##.#.#
.......#.#.##..H@≈##+ ##.#.#.#
..._.......#..##### #.#.#.#
.......#.#.## #.....#.#.#.#
.......#....# #P...P#)#...#
#.....##....#.....#|PP≈≈#≈#.###
###.####..#.#PP..≈#...≈(#≈#.#
............#≈P≈.≈#≈≈%≈≈#≈#.#
#####..'###.#!?$..##;;;##≈#.#
#........#≈;)≈≈######.##(#


You could see a manticore.

Vanquished Creatures
  A wyvern (D:5)
  Eustachio (D:4)
  Edmund (D:5)
  2 phantoms
  An ogre (D:4)
  3 centaurs (D:6)
  3 bullfrogs
  A water moccasin zombie (D:5)
  A scorpion (D:5)
  6 killer bees (D:6)
  A crimson imp (D:4)
  2 centaur zombies
  2 hounds
  An orc priest (D:6)
  A centaur skeleton (D:4)
  Crazy Yiuf (D:2)
  Ijyb (D:5)
  Terence (D:2)
  An iguana (D:3)
  3 orc wizards
  4 worker ants
  4 adders
  A howler monkey skeleton (D:5)
  A shadow imp (D:6)
  An ooze (D:4)
  2 adder zombies
  3 adder skeletons
  2 worms
  3 dart slugs
  7 leopard geckos
  11 orcs
  5 bats
  3 giant cockroaches
  4 goblins
  5 hobgoblins
  2 quokkas
  A ball python (D:6)
  5 frilled lizards
  A jackal skeleton (D:5)
  2 kobolds (D:1)
  A leopard gecko skeleton (D:6)
  3 rats
  A fungus (D:2)
106 creatures vanquished.

Notes
Turn   | Place    | Note
-------+----------+-------------------------------------------
     0 | D:1      | Madoushi the Minotaur Berserker began the quest for the
                  | Orb.
     0 | D:1      | Reached XP level 1. HP: 19/19 MP: 0/0
   195 | D:1      | Reached XP level 2. HP: 26/27 MP: 1/1
   732 | D:2      | Reached skill level 4 in Axes
   801 | D:2      | Noticed Terence
   816 | D:2      | Killed Terence
   816 | D:2      | Reached XP level 3. HP: 28/34 MP: 2/2
   931 | D:2      | Reached ** piety under Trog
   970 | D:2      | Found a hazy altar of Hepliaklqana.
   970 | D:2      | Found a shadowy altar of Dithmenos.
  1347 | D:2      | Found a runed translucent door.
  1348 | D:2      | Noticed Crazy Yiuf
  1357 | D:2      | Killed Crazy Yiuf
  1357 | D:2      | Reached XP level 4. HP: 29/41 MP: 3/3
  1551 | D:3      | Found a glowing golden altar of the Shining One.
  1557 | D:3      | Found an opulent altar of Gozag.
  1557 | D:3      | Found an ancient bone altar of Kikubaaqudgha.
  1578 | D:3      | Reached skill level 5 in Axes
  1718 | D:3      | Found a sacrificial altar of Ru.
  1845 | D:3      | Reached XP level 5. HP: 42/47 MP: 4/4
  1940 | D:3      | Reached skill level 5 in Fighting
  2122 | D:3      | Reached XP level 6. HP: 26/56 MP: 5/5
  2296 | D:3      | Reached skill level 6 in Axes
  2935 | D:4      | Reached XP level 7. HP: 59/62 MP: 6/6
  3091 | D:4      | Noticed Eustachio
  3116 | D:4      | Killed Eustachio
  3116 | D:4      | Reached skill level 7 in Axes
  3451 | D:4      | Found a shimmering altar of Xom.
  3518 | D:5      | Entered Level 5 of the Dungeon
  3663 | D:5      | Reached *** piety under Trog
  3690 | D:5      | Reached skill level 5 in Armour
  3894 | D:5      | Noticed a wyvern
  3897 | D:5      | Killed a wyvern
  3897 | D:5      | Reached skill level 8 in Axes
  3897 | D:5      | Reached skill level 5 in Dodging
  3897 | D:5      | Reached XP level 8. HP: 60/71 MP: 7/7
  4072 | D:5      | Noticed Edmund
  4085 | D:5      | Killed Edmund
  4459 | D:5      | Noticed Ijyb
  4475 | D:5      | Killed Ijyb
  4805 | D:5      | Noticed Sigmund
  4807 | D:5      | Noticed Sigmund
  4807 | D:5      | Sigmund changed into Sigmund the worm
  4811 | D:5      | Killed Sigmund the worm
  4944 | D:6      | Got a twisted leather armour
  4962 | D:6      | Identified the +3 leather armour "Gueviama" {rC+} (You
                  | found it on level 6 of the Dungeon)
  5021 | D:6      | Found a basalt altar of Yredelemnul.
  5075 | D:6      | Found a staircase to the Ecumenical Temple.
  5234 | D:6      | Found a shadowy altar of Dithmenos.
  5385 | D:6      | Reached skill level 9 in Axes
  5726 | D:6      | Reached XP level 9. HP: 58/79 MP: 8/8
  5951 | D:6      | Noticed a manticore
  5974 | D:6      | Slain by a manticore

Skill      XL: |  1  2  3  4  5  6  7  8 |
---------------+-------------------------+-----
Fighting       | 4 5 6 7 |  7.7
Axes           | 4 5 6 8 9 |  9.7
Armour         | 3 4 5 6 |  6.6
Dodging        | 3 4 5 6 |  6.1

Action                   |  1- 3 |  4- 6 |  7- 9 || total
-------------------------+-------+-------+-------++-------
Melee: Hand axe          |    81 |    72 |   167 ||   320
       Headbutt          |    13 |    18 |    42 ||    73
Invok: Berserk           |     1 |     1 |     2 ||     4
Evoke: Wand              |       |       |     7 ||     7
  Use: Scroll            |     1 |       |     9 ||    10
 Stab: Sleeping          |     1 |       |       ||     1
       Paralysed         |       |       |     1 ||     1
  Eat: Ration            |       |     2 |     3 ||     5
       Chunk             |       |     2 |     2 ||     4
Armor: Animal skin       |    23 |     7 |     4 ||    34
       Ring mail         |       |       |    14 ||    14
       Leather armour    |       |       |    20 ||    20
Dodge: Dodged            |    43 |    46 |   109 ||   198
